 Dungeon Crawl Stone Soup version 0.22-a0-782-g038298e (webtiles) character file.

104 Hebeh the Conjurer (level 4, -1/24 HPs)
             Began as a Deep Elf Conjurer on July 20, 2018.
             Slain by a scorpion (8 damage)
             ... on level 3 of the Dungeon.
             The game lasted 00:08:20 (2296 turns).

Hebeh the Conjurer (Deep Elf Conjurer)              Turns: 2296, Time: 00:08:21

Health: -1/24      AC:  3    Str:  5    XL:     4   Next: 52%
Magic:  0/13       EV: 13    Int: 21    God:
Gold:   95         SH:  0    Dex: 15    Spells: 2/13 levels left

rFire    . . .     SeeInvis .   e - +0 halberd
rCold    . . .     Gourm    .   (shield currently unavailable)
rNeg     . . .     Faith    .   a - +0 robe
rPois    .         Spirit   .   h - +0 helmet
rElec    .         Reflect  .   (no cloak)
rCorr    .         Harm     .   (no gloves)
MR       .....                  (no boots)
Stlth    ++........             (no amulet)
HPRegen  0.08/turn              f - ring of wizardry
MPRegen  0.13/turn              (no ring)

@: lethally poisoned (-1 -> -11)
A: no striking features
a: no special abilities


You were on level 3 of the Dungeon.
You were not hungry.

You visited 1 branch of the dungeon, and saw 3 of its levels.

You collected 95 gold pieces.

Inventory:

Hand Weapons
 e - a +0 halberd (weapon)
 i - a +3 trident
 m - a +0 trident of piercing
Missiles
 d - 37 arrows
Armour
 a - a +0 robe (worn)
 h - a +0 helmet (worn)
Jewellery
 f - a ring of wizardry (left hand)
Scrolls
 j - 2 scrolls of enchant armour {unknown}
 k - a scroll of remove curse {unknown}
 l - a scroll of identify {unknown}
 o - a scroll of magic mapping {unknown}
Potions
 b - a potion of might {unknown}
 g - 2 potions of invisibility {unknown}
Comestibles
 c - 5 rations


   Skills:
 - Level 2.4 Dodging
 - Level 2.4 Stealth
 + Level 5.1 Spellcasting
 + Level 5.5 Conjurations


You had 2 spell levels left.
You knew the following spells:

 Your Spells              Type           Power        Failure   Level  Hunger
a - Magic Dart            Conj           ####         1%          1    None
b - Iskenderun's Mystic   Conj           ####....     4%          4    ####...
c - Searing Ray           Conj           ####..       1%          2    None
d - Force Lance           Conj/Tloc      ###.....     14%         4    ####...

Your spell library contained the following spells:

 Spells                   Type           Power        Failure   Level  Hunger
 Fulminant Prism          Conj/Hex       ###.......   14%         4    ####...
 Dazzling Spray           Conj/Hex       ###...       4%          3    ##.....


Dungeon Overview and Level Annotations

Branches:
Dungeon (3/15)

Altars:


Message History

Casting: Iskenderun's Mystic Blast (safe; 4% risk of failure)
Confirm with . or Enter, or press ? or * to list all spells.
Aiming: Searing Ray (safe; 1% risk of failure)
Press: ? - help, Shift-Dir - straight line, f/p - scorpion
Aim: a scorpion (moderately wounded)
The searing ray hits the scorpion.
The scorpion is severely wounded. (Press . to maintain the ray.)
The scorpion stings you.
You are poisoned.
The scorpion poisons you!
The searing ray misses the scorpion.
You feel sick. The scorpion stings you.
The searing ray hits the scorpion.
The scorpion is severely wounded.
You feel sick. The scorpion barely misses you.
Without enough magic to sustain it, your searing ray dissipates.
The scorpion stings you.
* * * LOW HITPOINT WARNING * * *
You feel sick. The scorpion stings you!
You die...

.... ###
.... ...
..... ..#
.[... #.#
...)..#.# #
......#.##.#
#...rs....#
#@# #.# #.#
## #.### .#
#...# .#
###.# .# #.#
.# #)# .#
#########.#


You could see a scorpion and a rat.

Vanquished Creatures
  A hound skeleton (D:3)
  A gnoll (D:1)
  4 adders
  A dart slug (D:1)
  5 orcs (D:3)
  2 giant cockroaches
  3 goblins
  3 hobgoblins
  5 kobolds
  A quokka (D:2)
  A ball python (D:1)
  6 bats (D:2)
  3 frilled lizards
  6 rats (D:2)
42 creatures vanquished.

Notes
Turn   | Place    | Note
-------+----------+-------------------------------------------
     0 | D:1      | Hebeh the Deep Elf Conjurer began the quest for the Orb.
     0 | D:1      | Reached XP level 1. HP: 10/10 MP: 6/6
   176 | D:1      | Reached XP level 2. HP: 15/15 MP: 0/8
  1174 | D:2      | Reached skill level 5 in Conjurations
  1174 | D:2      | Reached XP level 3. HP: 16/19 MP: 6/10
  1381 | D:2      | Learned a level 2 spell: Searing Ray
  1912 | D:3      | Reached XP level 4. HP: 24/24 MP: 6/12
  1977 | D:3      | Learned a level 4 spell: Iskenderun's Mystic Blast
  1982 | D:3      | Learned a level 4 spell: Force Lance
  2098 | D:3      | Reached skill level 5 in Spellcasting
  2296 | D:3      | Slain by a scorpion

Vault maps used:
D:1:      lordsloth_arrival_two_stooges, serial_forest,
          infiniplex_forest_clump_diagonal, infiniplex_forest_straight_3,
          infiniplex_forest_straight_1, infiniplex_forest_lined_3,
          infiniplex_forest_clump_diagonal, infiniplex_forest_corner_2
D:3:      trog_hazing_becter

Skill      XL: |  1  2  3  4 |
---------------+-------------+-----
Spellcasting   | 4 5 |  5.1
Conjurations   | 5 |  5.5
Dodging        | |  2.4
Stealth        | |  2.4

Action                   |  1- 3 |  4- 6 || total
-------------------------+-------+-------++-------
Melee: Halberd           |       |     1 ||     1
 Cast: Magic Dart        |    71 |    31 ||   102
       Iskenderun's Myst |       |     1 ||     1
       Searing Ray       |       |     1 ||     1
  Eat: Chunk             |     3 |     1 ||     4
Armor: Robe              |       |     3 ||     3
Dodge: Dodged            |     6 |     6 ||    12

Table legend:
 A = Spawn XP
 B = Non-spawn XP
 C = Spawn XP percentage of total XP
 D = Spawn monster count
 E = Non-spawn monster count
 F = Spawn count percentage of total count
 G = Total turns spent on level
                    A         B        C        D         E        F      G
               +---------+---------+-------+---------+---------+-------+---------
         Total |       0 |     149 |   0.0 |       0 |      42 |   0.0 |  2296
               +---------+---------+-------+---------+---------+-------+---------
           D:1 |       0 |      31 |   0.0 |       0 |      10 |   0.0 |  1021
           D:2 |       0 |      65 |   0.0 |       0 |      21 |   0.0 |   877
           D:3 |       0 |      53 |   0.0 |       0 |      11 |   0.0 |   398
               +---------+---------+-------+---------+---------+-------+---------
